 Dungeon Crawl Stone Soup version 0.30.0 (webtiles) character file.

Game seed: 14494362981740501517

61 Panangbesa the Magician (level 3, 0/19 HPs)
             Began as a Deep Elf Air Elementalist on Oct 14, 2023.
             Slain by a gnoll
             ... wielding a +0 club
              (4 damage)
             ... on level 3 of the Dungeon on Dec 5, 2023.
             The game lasted 00:04:13 (1955 turns).

Panangbesa the Magician (Deep Elf Air Elementalist) Turns: 1955, Time: 00:04:14

Health: 0/19       AC:  3    Str:  5    XL:     3   Next: 83%
Magic:  0/10       EV: 13    Int: 21    God:
Gold:   173        SH:  0    Dex: 15    Spells: 6/9 levels left

rFire   . . .        h - +2 dagger (venom)
rCold   . . .        (no shield)
rNeg    . . .        a - +0 robe
rPois   .            (no helmet)
rElec   .            s - +0 cloak
rCorr   .            (no gloves)
SInv    .            (no boots)
Will    .....        (no amulet)
Stlth   ++           (no ring)
HPRegen 0.23/turn    (no ring)
MPRegen 0.12/turn

%: no passive effects
@: brilliant
A: no striking features
a: no special abilities


You were on level 3 of the Dungeon.
You visited 1 branch of the dungeon, and saw 3 of its levels.

You collected 173 gold pieces.

Inventory:

Hand Weapons
 h - a +2 dagger of venom (weapon)
Armour
 a - a +0 robe (worn)
 s - a +0 cloak (worn)
Scrolls
 d - a scroll of amnesia {unknown}
 e - a scroll of silence {unknown}
 f - 3 scrolls of immolation {unknown}
 k - 3 scrolls of poison {unknown}
 l - 2 scrolls of identify {unknown}
 m - a scroll of enchant armour {unknown}
 n - a scroll of noise {unknown}
 p - a scroll of blinking {unknown}
Potions
 b - a potion of magic
 g - a potion of heal wounds {unknown}
 i - a potion of flight {unknown}
 j - a potion of curing {unknown}
 o - a potion of mutation {unknown}
 q - a potion of degeneration {unknown}
 r - a potion of berserk rage {unknown}


   Skills:
 + Level 3.1 Dodging
 + Level 3.2 Stealth
 + Level 3.6 Spellcasting
 + Level 2.0 Conjurations
 + Level 3.4 Air Magic


You had 6 spell levels left.
You knew the following spells:

 Your Spells              Type           Power      Damage    Failure   Level
a - Shock                 Conj/Air       92%        1d8       4%          1
b - Static Discharge      Conj/Air       46%        2-4/arc   6%          2

Your spell library contained the following spells:

 Spells                   Type           Power      Damage    Failure   Level
 Swiftness                Air            27%        N/A       9%          3
 Ensorcelled Hibernation  Hex/Ice        10%        N/A       19%         2
 Lesser Beckoning         Tloc           10%        N/A       19%         2
 Passwall                 Tmut/Erth      4%         N/A       19%         2
 Airstrike                Air            13%        2d(2-18)  30%         4
 Gell's Gravitas          Tloc           5%         N/A       36%         3
 Spider Form              Tmut/Pois      5%         N/A       36%         3
 Teleport Other           Tloc           5%         N/A       36%         3
 Anguish                  Hex/Necr       2%         N/A       77%         4


Dungeon Overview and Level Annotations

Branches:
Dungeon (3/15)

Altars:

Shops:
D:1 (


Message History

The gnoll is struck by an arc of lightning.
The gnoll is heavily wounded.
You are struck by an arc of lightning.
The lightning grounds out.
The gnoll closely misses you. x2
Unknown command.
The gnoll is struck by an arc of lightning.
The gnoll is almost dead.
The gnoll is struck by an arc of lightning.
The gnoll is moderately wounded.
The rat is struck by an arc of lightning.
You kill the rat!
The gnoll is struck by an arc of lightning.
The gnoll is moderately wounded.
The lightning grounds out.
The gnoll hits you with a +0 flail. The gnoll misses you.
The gnoll is struck by an arc of lightning.
The gnoll is heavily wounded.
You are struck by an arc of lightning.
The lightning grounds out.
The gnoll hits you but does no damage. The gnoll closely misses you.
The gnoll is struck by an arc of lightning.
You kill the gnoll!
The gnoll is struck by an arc of lightning.
The gnoll is moderately wounded.
The gnoll is struck by an arc of lightning.
The gnoll is moderately wounded.
The lightning grounds out.
The gnoll hits you from afar with a +0 spear.
The gnoll barely misses you.
Your Conjurations skill increases to level 2!
You are too injured to fight recklessly!
Okay, then.
The gnoll attacks as you move away! The gnoll closely misses you.
The gnoll hits you with a +0 whip.
* * * LOW HITPOINT WARNING * * *
Okay, then.
Okay, then.
It was a potion of brilliance.
You feel clever all of a sudden. The gnoll hits you with a +0 club.
You die...

). #..#.# .g
#..#.# #.#
#..#.# #>.#
###.)#.#
#..##..†.#.#
#.#..##...#
#.(.#######
##..# #.@#
#gg# #g.#
#..# ..†#
?w... ...#..
##.....
......#


You could see a worm, 3 gnolls and a goblin (asleep).

Vanquished Creatures
  A gnoll (D:3)
  An adder (D:3)
  2 dart slugs
  3 ball pythons
  2 endoplasms (D:1)
  5 giant cockroaches
  5 goblins (D:1)
  2 hobgoblins
  A jackal (D:3)
  3 bats
  2 frilled lizards
  4 kobolds
  6 rats
37 creatures vanquished.

Notes
Turn   | Place    | Note
-------+----------+-------------------------------------------
     0 | D:1      | Panangbesa the Deep Elf Air Elementalist began the quest
                  | for the Orb.
     0 | D:1      | Reached XP level 1. HP: 10/10 MP: 6/6
   156 | D:1      | Reached XP level 2. HP: 15/15 MP: 2/8
   650 | D:1      | Found Weevy's Weapon Boutique.
   780 | D:2      | Learned a level 2 spell: Static Discharge
   878 | D:2      | Reached XP level 3. HP: 14/19 MP: 4/9
  1955 | D:3      | Slain by a gnoll

Illustrated notes

Levels and vault maps discovered:
D:1:      dpeg_arrival_fog, layout_rooms, serial_shops,
          nicolae_shop_bloodbath_and_beyond
D:2:      layout_basic, minmay_tromino_v4_c
D:3:      layout_rooms, uniq_grinder

Skill      XL: |  1  2  3 |
---------------+----------+-----
Stealth        | 3 |  3.2
Dodging        | 3 |  3.1
Conjurations   | 2 |  2.0
Spellcasting   | |  3.6
Air Magic      | |  3.4

Action                     || total
---------------------------++-------
  Melee: Dagger            ||     4
   Cast: Shock             ||    61
         Static Discharge  ||     6
    Use: Potion            ||     1
   Stab: Sleeping          ||     1
 Armour: Robe              ||     1
  Dodge: Dodged            ||    19
